[Event "Titled Tuesday Blitz November 01 Early 2022"]
[White "Stoyanov, Tsvetan"]
[Black "Muminova, Nafisa"]
[WhiteFideId "2917173"]
[BlackFideId "14201526"]
[WhiteElo "2349"]
[BlackElo "2258"]
[Result "1-0"]
[Round "04"]
[TimeControl "180+1"]
[Date "2022.11.02"]
[WhiteClock "0:00:08"]
[BlackClock "0:00:01"]

1. c4 e6 2. Nc3 d5 3. e3 Nf6 4. Nf3 Be7 5. b3 O-O 6. Bb2 b6 7. cxd5 exd5 8. d4 c5 9. Be2 Bf5 10. dxc5 bxc5 11. O-O Nc6 12. Na4 Ne4 13. Rc1 Rc8 14. Ba6 Rc7 15. Bd3 Nb4 16. Bb1 c4 17. Nd4 Bg6 18. Nb5 Rb7 19. Nd4 Rc7 20. f3 Nd6 21. Bxg6 hxg6 22. Bc3 Nd3 23. Rc2 Bf6 24. Ba5 Bxd4 25. exd4 Nb5 26. Bxc7 Qxc7 27. bxc4 dxc4 28. Nb2 Nxd4 29. Qxd3 Nxc2 30. Qxc2 Rc8 31. Rc1 Qc5+ 32. Kh1 c3 33. Nd3 Qd4 34. Rd1 a5 35. Nf2 Qc4 36. Ne4 a4 37. Nd6 Qc7 38. Nxc8 Qxc8 39. Rd3 Qb8 40. Rxc3 Qf4 41. Rc8+ Kh7 42. Rc4 Qg5 43. Qe2 Qf6 44. h4 Qa1+ 45. Kh2 Qf6 46. Rxa4 Qd6+ 47. Kh1 Qf6 48. Rg4 Qa1+ 49. Kh2 Qf6 50. a4 Qd6+ 51. g3 Qa3 52. Rf4 Qa1 53. Rxf7 Qxa4 54. Rf4 1-0


[Site "https://www.chess.com"]

[Event "Titled Tuesday Blitz November 01 Early 2022"]
[White "Svane, Rasmus"]
[Black "Al-Tarboush, Ward"]
[WhiteFideId "4657101"]
[BlackFideId "7601450"]
[WhiteElo "2674"]
[BlackElo "2269"]
[Result "1/2-1/2"]
[Round "04"]
[TimeControl "180+1"]
[Date "2022.11.02"]
[WhiteClock "0:00:08"]
[BlackClock "0:00:07"]

1. Nf3 d5 2. g3 Nf6 3. Bg2 c6 4. O-O Bf5 5. c4 e6 6. Qb3 Qb6 7. d3 Nbd7 8. cxd5 exd5 9. Qc2 Be7 10. Nc3 O-O 11. e4 dxe4 12. dxe4 Bg6 13. Be3 Qb4 14. a3 Bxe4 15. Qd2 Qd6 16. Nxe4 Nxe4 17. Qc2 Ndf6 18. Rfd1 Qc7 19. Nd4 Nd6 20. Bf4 Rad8 21. Nf5 g6 22. Nxe7+ Qxe7 23. Qc5 Nc8 24. Qa5 b6 25. Qg5 Nd5 26. Bxd5 Qxg5 27. Bxf7+ Rxf7 28. Bxg5 Rdf8 29. Bh6 Re8 30. Rac1 c5 31. b4 cxb4 32. axb4 Ne7 33. Bf4 Nf5 34. Rc6 Nh4 35. Rc4 Nf3+ 36. Kg2 Ne1+ 37. Kf1 Nf3 38. h3 Rfe7 39. Rc3 Ne5 40. b5 Nf7 41. Kg2 g5 42. Be3 h6 43. Rc6 Kg7 44. Rd4 Re6 45. Rc2 R8e7 46. h4 gxh4 47. Rxh4 Nd6 48. Rb2 Nf5 49. Rg4+ Kh7 50. Bc1 Re2 51. Rxe2 Rxe2 52. Rc4 Re5 53. Rc7+ Kg6 54. Rxa7 Rxb5 55. Rc7 Rc5 56. Rxc5 bxc5 57. Kf3 Nd6 58. Bf4 Nb5 59. Ke4 c4 60. Be5 h5 61. f3 Kg5 62. Bf4+ Kg6 63. Be5 Kg5 64. Bg7 Nd6+ 65. Ke5 Nf5 66. Bf6+ Kg6 67. g4 Ng3 68. gxh5+ Nxh5 69. Be7 c3 70. Kd4 c2 71. Ba3 Ng3 72. Kd3 Nh1 73. Kxc2 Kf5 74. Kd3 Nf2+ 75. Ke2 Nh3 76. Bc1 Ng1+ 77. Kf2 Nxf3 1/2-1/2


[Site "https://www.chess.com"]

[Event "Titled Tuesday Blitz November 01 Early 2022"]
[White "Szente Varga, Fruzsina"]
[Black "Yurovskykh, Oleksandr"]
[WhiteFideId "712264"]
[BlackFideId "14134020"]
[WhiteElo "1994"]
[BlackElo "2303"]
[Result "0-1"]
[Round "04"]
[TimeControl "180+1"]
[Date "2022.11.02"]
[WhiteClock "0:00:06"]
[BlackClock "0:01:00"]

1. e4 d5 2. exd5 Qxd5 3. Nc3 Qd8 4. d4 Nf6 5. Bc4 a6 6. Nf3 b5 7. Bb3 c5 8. dxc5 Qxd1+ 9. Nxd1 e6 10. Be3 Bb7 11. Ke2 Nbd7 12. Nc3 Bxc5 13. Rad1 Ke7 14. Bg5 h6 15. Bxf6+ Nxf6 16. Rd3 Rhd8 17. Rhd1 Rxd3 18. Rxd3 Rc8 19. g3 Bb4 20. Ne5 Bxc3 21. Rxc3 Rxc3 22. bxc3 Nd7 23. Nxd7 Kxd7 24. c4 b4 25. c3 bxc3 26. Kd3 Kd6 27. Kxc3 Kc5 28. Bc2 e5 29. a3 Bc8 30. Bd3 Be6 31. Be2 a5 32. Bd3 g5 33. Be2 f5 34. Bd3 e4 35. Be2 f4 36. h4 f3 37. Bf1 g4 38. a4 h5 39. Kb3 Kd4 40. Kc2 Bxc4 41. Bxc4 Kxc4 42. Kd2 Kd4 43. Kc2 e3 0-1


[Site "https://www.chess.com"]

[Event "Titled Tuesday Blitz November 01 Early 2022"]
[White "Tarasova, Viktoriya"]
[Black "Nozdrachev, Leonid"]
[WhiteFideId "4175840"]
[BlackFideId "24113433"]
[WhiteElo "2182"]
[BlackElo "2249"]
[Result "0-1"]
[Round "04"]
[TimeControl "180+1"]
[Date "2022.11.02"]
[WhiteClock "0:00:02"]
[BlackClock "0:00:55"]

1. d4 Nf6 2. c4 e6 3. Nc3 Bb4 4. Nf3 O-O 5. Bg5 c5 6. Rc1 d6 7. dxc5 dxc5 8. Qxd8 Rxd8 9. a3 Ba5 10. e3 Nc6 11. Be2 h6 12. Bxf6 gxf6 13. O-O Bd7 14. Rfd1 Kg7 15. Ne4 Bb6 16. Rd2 Ne5 17. Rcd1 Ba4 18. Rxd8 Bxd8 19. Rd2 Ba5 20. Rd6 Bc7 21. Rd2 Rc8 22. Nxc5 Ba5 23. b4 Rxc5 24. bxa5 Nxc4 25. Bxc4 Rxc4 26. h3 e5 27. Rb2 Bc6 28. Nd2 Ra4 29. Rc2 Rxa3 30. Nc4 Ra4 31. Kh2 Kg6 32. g4 h5 33. Rc3 h4 34. f4 Ra1 35. f5+ Kg5 36. e4 Bxe4 0-1


[Site "https://www.chess.com"]

[Event "Titled Tuesday Blitz November 01 Early 2022"]
[White "Tharushi, T H D Niklesha"]
[Black "Levitan, Caleb Levi"]
[WhiteFideId "9918264"]
[BlackFideId "14332620"]
[WhiteElo "1596"]
[BlackElo "1963"]
[Result "0-1"]
[Round "04"]
[TimeControl "180+1"]
[Date "2022.11.02"]
[WhiteClock "0:01:05"]
[BlackClock "0:01:27"]

1. e4 c5 2. Nf3 e6 3. d4 cxd4 4. Nxd4 a6 5. Nc3 b5 6. g3 Bb7 7. Bg2 Nc6 8. e5 Nge7 9. Bg5 h6 10. Ndxb5 axb5 11. Nxb5 Qa5+ 12. Qd2 Qxb5 13. O-O-O Nxe5 14. Bxe7 Bxe7 15. Bxb7 Qxb7 16. Qc3 Bf6 17. Qc5 Rxa2 18. c3 0-1


[Site "https://www.chess.com"]

[Event "Titled Tuesday Blitz November 01 Early 2022"]
[White "Tleptsok, Ruslan"]
[Black "Durarbayli, Vasif"]
[WhiteFideId "24104485"]
[BlackFideId "13402935"]
[WhiteElo "2130"]
[BlackElo "2586"]
[Result "0-1"]
[Round "04"]
[TimeControl "180+1"]
[Date "2022.11.02"]
[WhiteClock "0:00:01"]
[BlackClock "0:00:15"]

1. e4 c5 2. Nf3 d6 3. c3 Nf6 4. Bc4 e6 5. Qe2 Nc6 6. d4 cxd4 7. cxd4 d5 8. exd5 Nxd5 9. O-O Be7 10. Nc3 O-O 11. Rd1 Bf6 12. Ne4 Nce7 13. Nxf6+ Nxf6 14. Bg5 Qd6 15. Bxf6 gxf6 16. Qe4 Rb8 17. Bd3 Ng6 18. h4 Bd7 19. h5 Bc6 20. Qe3 Nf4 21. d5 Bxd5 22. Be4 Kh8 23. Rd4 Rg8 24. g3 Qc7 25. Bxh7 Nh3+ 26. Kh2 Kxh7 27. Kxh3 Rbd8 28. Qd3+ Kh8 29. Rd1 Qe7 30. Nh4 Rg5 31. g4 Rdg8 32. f3 f5 33. Qc3 Qf6 34. Kh2 fxg4 35. Rxg4 Qxc3 36. bxc3 Rxg4 37. fxg4 Rxg4 38. Kh3 Rg5 39. h6 Kh7 40. c4 Bxc4 41. Rd7 e5 42. Rxb7 Bxa2 43. Rxa7 Be6+ 44. Kh2 Kxh6 45. Nf3 Rf5 46. Kg3 Kg7 47. Ra5 Kf6 48. Ra6 Rh5 49. Kf2 Rh3 50. Kg2 Rh5 51. Kf2 Kf5 52. Ke3 f6 53. Nd2 Rh3+ 54. Ke2 Bd5 55. Ra5 Ke6 0-1


[Site "https://www.chess.com"]

[Event "Titled Tuesday Blitz November 01 Early 2022"]
[White "Tokhirjonova, Gulrukhbegim"]
[Black "Rosenberg, Evan S"]
[WhiteFideId "14203626"]
[BlackFideId "2019299"]
[WhiteElo "2236"]
[BlackElo "2379"]
[Result "1/2-1/2"]
[Round "04"]
[TimeControl "180+1"]
[Date "2022.11.02"]
[WhiteClock "0:00:14"]
[BlackClock "0:00:08"]

1. e4 e5 2. Nf3 Nc6 3. Bb5 Nf6 4. d3 Ne7 5. O-O c6 6. Ba4 Ng6 7. d4 Qc7 8. dxe5 Nxe5 9. Nc3 Bd6 10. h3 O-O 11. Bg5 Be7 12. Nd4 d6 13. f4 Nc4 14. Qe2 b5 15. Bb3 Nxb2 16. Rae1 h6 17. Bh4 Re8 18. Qf3 Nc4 19. Bxc4 bxc4 20. e5 Nd5 21. Nxd5 cxd5 22. Bxe7 Qxe7 23. Qxd5 Be6 24. Qxd6 Qxd6 25. exd6 Rad8 26. Nb5 a6 27. Nc7 Rf8 28. Rd1 c3 29. Nxa6 Ra8 30. Nb4 Rfb8 31. Nc6 Rb2 32. d7 Bxd7 33. Rxd7 Rxc2 34. Nd4 Rd2 35. Rf2 Raxa2 36. Rd8+ Kh7 37. Rxd2 Rxd2 38. Rc8 Rxd4 39. Rxc3 Rxf4 40. Kh2 Rf6 41. h4 h5 42. g3 g6 43. Kh3 Kg7 44. Rc7 Rf5 45. Kg2 Re5 46. Rb7 Kf6 47. Rc7 Re6 48. Rb7 Re7 49. Rb6+ Re6 50. Rb7 Re2+ 51. Kf3 Re7 52. Rb6+ Kg7 53. Rb8 f6 54. Rb4 g5 55. Rb6 Kg6 56. Rb5 g4+ 57. Kf4 Re1 58. Rb6 Rf1+ 59. Ke4 Rf3 60. Rb8 Rxg3 61. Rg8+ Kf7 62. Rh8 Rg1 63. Rxh5 g3 64. Kf3 Kg6 65. Rh8 g2 66. Kf2 Ra1 67. Kxg2 Ra3 68. Kh2 f5 69. Kg2 f4 70. Kf2 Rh3 71. Kg2 Rg3+ 72. Kh2 Kf5 73. Rf8+ Ke4 74. h5 Rg5 75. Rh8 f3 76. h6 f2 77. Rf8 Rh5+ 78. Kg2 Rxh6 79. Kxf2 Ke5 80. Rf3 Rf6 81. Rxf6 Kxf6 1/2-1/2


[Site "https://www.chess.com"]

[Event "Titled Tuesday Blitz November 01 Early 2022"]
[White "Toshali, V"]
[Black "Cramling Bellon, Anna"]
[WhiteFideId "5072611"]
[BlackFideId "32009232"]
[WhiteElo "1973"]
[BlackElo "1972"]
[Result "0-1"]
[Round "04"]
[TimeControl "180+1"]
[Date "2022.11.02"]
[WhiteClock "0:00:01"]
[BlackClock "0:00:01"]

1. d4 Nf6 2. Nf3 d5 3. Bf4 c5 4. c3 Nc6 5. e3 Qb6 6. Qb3 c4 7. Qxb6 axb6 8. Nbd2 b5 9. a3 b4 10. cxb4 Nxb4 11. Rc1 Nc6 12. Ne5 Bf5 13. f3 e6 14. e4 Bg6 15. exd5 exd5 16. g4 Nxd4 17. g5 Nh5 18. Be3 Nc2+ 19. Kf2 Nxe3 20. Kxe3 Bc5+ 21. Ke2 Nf4+ 22. Kd1 O-O 23. Nd7 Rfc8 24. Nxc5 Rxc5 25. Nb3 Rcc8 26. Nd4 Nd3 27. Rc2 Re8 28. Bxd3 Bxd3 29. Rd2 f6 30. gxf6 gxf6 31. Rg1+ Kf7 32. Nb5 Rad8 33. Rdg2 Bg6 34. Nd4 Rg8 35. h4 Bh5 36. Rxg8 Rxg8 37. Rxg8 Kxg8 38. Ke2 Kf7 39. Ke3 Bg6 40. Kf4 Ke7 41. Kg4 Kd6 42. h5 Bd3 43. f4 Kc5 44. Ne6+ Kb5 45. f5 b6 46. h6 Ka4 47. Nd4 b5 48. Kf4 b4 49. axb4 Kxb4 50. Ke3 Be4 51. Kf4 Kc5 52. Ne6+ Kb4 53. Nf8 Kb3 54. Nxh7 Kxb2 55. Nxf6 c3 56. h7 c2 57. Nxe4 c1=Q+ 58. Ke5 Qh1 59. Ng5 Qh2+ 60. Kxd5 Qh1+ 61. Ke6 Kc3 0-1


[Site "https://www.chess.com"]

[Event "Titled Tuesday Blitz November 01 Early 2022"]
[White "Troltenier, Dirk"]
[Black "Reprintsev, Alexander"]
[WhiteFideId "4606400"]
[BlackFideId "14100541"]
[WhiteElo "2334"]
[BlackElo "2230"]
[Result "0-1"]
[Round "04"]
[TimeControl "180+1"]
[Date "2022.11.02"]
[WhiteClock "0:00:02"]
[BlackClock "0:01:25"]

1. e4 d5 2. exd5 Qxd5 3. Nc3 Qa5 4. d4 Nf6 5. Nf3 Nc6 6. d5 Nb4 7. Bb5+ Bd7 8. Bxd7+ Nxd7 9. Bf4 Nf6 10. O-O Nbxd5 11. Nxd5 Nxd5 12. Be5 e6 13. c4 Nf6 14. Bxf6 gxf6 15. Qd4 Be7 16. Rfd1 Rd8 17. Qe4 c6 18. a3 f5 19. Qf4 Bf6 20. Rxd8+ Qxd8 21. Re1 Bxb2 22. h4 O-O 0-1


[Site "https://www.chess.com"]

[Event "Titled Tuesday Blitz November 01 Early 2022"]
[White "Turutin, Alexander"]
[Black "Yuan, Qingyu"]
[WhiteFideId "4180623"]
[BlackFideId "8609772"]
[WhiteElo "2402"]
[BlackElo "2359"]
[Result "0-1"]
[Round "04"]
[TimeControl "180+1"]
[Date "2022.11.02"]
[WhiteClock "0:00:04"]
[BlackClock "0:00:05"]

1. e4 c6 2. d4 d5 3. e5 c5 4. Nf3 cxd4 5. Qxd4 Nc6 6. Qf4 e6 7. Bd3 Nb4 8. O-O Nxd3 9. cxd3 Ne7 10. Nc3 Bd7 11. Be3 Ng6 12. Qg3 Be7 13. Ne2 O-O 14. Nf4 Bb5 15. Nxg6 fxg6 16. Nd4 Qb6 17. Rfc1 Rac8 18. Nf5 Rxc1+ 19. Rxc1 Qd8 20. Nxe7+ Qxe7 21. Bxa7 Qb4 22. b3 Qa3 23. Qe3 Qxa2 24. Qb6 Bc6 25. Qd4 Qxb3 26. Bc5 Ra8 27. h4 h6 28. Qg4 Kf7 29. Re1 Ra4 30. d4 Qc3 31. Re3 Qxc5 32. Rf3+ Ke7 33. Qxg6 Qc1+ 34. Kh2 Kd8 35. Qxg7 Rxd4 36. Rf8+ Be8 37. Qxb7 Rxh4+ 38. Kg3 Qg5+ 39. Kf3 Qg4+ 40. Ke3 Qd4+ 41. Kf3 Qe4+ 42. Kg3 Qg4# 0-1


[Site "https://www.chess.com"]

[Event "Titled Tuesday Blitz November 01 Early 2022"]
[White "Vakhania, Alexandra"]
[Black "Gulevich, Artem"]
[WhiteFideId "13602560"]
[BlackFideId "24119580"]
[WhiteElo "2053"]
[BlackElo "2218"]
[Result "1/2-1/2"]
[Round "04"]
[TimeControl "180+1"]
[Date "2022.11.02"]
[WhiteClock "0:00:08"]
[BlackClock "0:00:08"]

1. d4 d5 2. Nf3 Nf6 3. Bg5 e6 4. Nbd2 Be7 5. e3 Nbd7 6. Bd3 b6 7. Qe2 Bb7 8. O-O c5 9. c3 O-O 10. Ne5 Nxe5 11. dxe5 Nd7 12. Bxe7 Qxe7 13. f4 f6 14. exf6 Rxf6 15. e4 Qf8 16. g3 Re8 17. e5 Rf7 18. c4 Qe7 19. Qh5 g6 20. Qe2 Nb8 21. cxd5 exd5 22. Nf3 Nc6 23. Ng5 Rff8 24. Qg2 Nd4 25. Qh3 Nf5 26. g4 Nd4 27. Rae1 Ne6 28. Nxe6 Qxe6 29. f5 gxf5 30. Bxf5 Qe7 31. e6 d4 32. Qh6 Qg7 33. Qf4 Bd5 34. Qd6 Bxa2 35. e7 Rf7 36. Qd7 Rexe7 37. Qd8+ Qf8 38. Bxh7+ Kg7 39. Qxf8+ Kxf8 40. Bg6 Rxe1 41. Rxe1 Re7 42. Rf1+ Kg7 43. Bf5 c4 44. h4 d3 45. g5 d2 46. h5 Re1 47. h6+ Kh8 48. Bg4 Bb3 49. g6 Rxf1+ 50. Kxf1 d1=Q+ 51. Bxd1 Bxd1 52. Ke1 Bc2 53. g7+ Kh7 54. Kd2 Bb3 55. Kc3 a5 56. Kd4 a4 57. Kc3 Kg8 58. Kb4 Bc2 59. Kxc4 Kf7 60. Kb5 Bb3 61. Kxb6 Kg8 62. Kc5 Kh7 63. Kb4 Kxh6 64. g8=Q Bxg8 65. Kxa4 Kg7 66. b4 Kf8 67. b5 Bd5 68. b6 Bh1 69. b7 Bxb7 1/2-1/2


[Site "https://www.chess.com"]

[Event "Titled Tuesday Blitz November 01 Early 2022"]
[White "Viana Da Costa, Fernando"]
[Black "Grot, Blazej"]
[WhiteFideId "2111900"]
[BlackFideId "21835845"]
[WhiteElo "2277"]
[BlackElo "1739"]
[Result "1-0"]
[Round "04"]
[TimeControl "180+1"]
[Date "2022.11.02"]
[WhiteClock "0:00:03"]
[BlackClock "0:00:10"]

1. e4 c5 2. Nf3 e6 3. Nc3 Nc6 4. Bb5 Nge7 5. O-O a6 6. Bxc6 Nxc6 7. d4 cxd4 8. Nxd4 Be7 9. Nxc6 dxc6 10. e5 Qc7 11. Re1 b5 12. Qg4 g6 13. Bg5 Bb7 14. Bxe7 Qxe7 15. Ne4 Kf8 16. Nf6 Kg7 17. h4 h5 18. Qg5 Qc7 19. Rad1 Rad8 20. Rxd8 Qxd8 21. Nxh5+ Kh7 22. Nf6+ Kg7 23. h5 Qd4 24. c3 Qd3 25. Re3 Qb1+ 26. Kh2 Qxb2 27. Rh3 Qxf2 28. h6+ Kf8 29. Nd7+ Ke8 30. Qf6 Qxf6 31. Nxf6+ Ke7 32. h7 c5 33. Rd3 Bc6 34. Rd6 Be8 35. Rxa6 c4 36. Ra8 1-0


[Site "https://www.chess.com"]

[Event "Titled Tuesday Blitz November 01 Early 2022"]
[White "Vovk, Orest"]
[Black "Krishnan, Varun"]
[WhiteFideId "14113490"]
[BlackFideId "5054508"]
[WhiteElo "2215"]
[BlackElo "2516"]
[Result "1-0"]
[Round "04"]
[TimeControl "180+1"]
[Date "2022.11.02"]
[WhiteClock "0:00:28"]
[BlackClock "0:00:02"]

1. h4 e5 2. h5 d5 3. h6 Nxh6 4. d4 Nc6 5. Bxh6 gxh6 6. dxe5 Nxe5 7. Nf3 Nxf3+ 8. gxf3 Be6 9. Qd4 Rg8 10. Nc3 Bg7 11. Qa4+ c6 12. O-O-O Qb6 13. e4 Bxc3 14. bxc3 O-O-O 15. Rxh6 Qxf2 16. Rxh7 Qxf3 17. exd5 Rxd5 18. Rxd5 Qxd5 19. Qxa7 Kc7 20. Kb2 Bf5 21. Rh5 Qe6 22. Qa5+ b6 23. Qxf5 Rf8 24. Qxe6 fxe6 25. Bd3 Kd6 26. c4 e5 27. c5+ bxc5 28. Rh6+ Kd5 29. Kc3 Rf3 30. Rh4 Re3 31. a4 Kd6 32. a5 Re1 33. a6 Ra1 34. Rh6+ Kc7 35. Rh7+ Kb6 36. Rb7+ Ka5 37. a7 Ka4 38. a8=R# 1-0


[Site "https://www.chess.com"]

[Event "Titled Tuesday Blitz November 01 Early 2022"]
[White "Warchol, Kamil"]
[Black "Bagwe Gaurang"]
[WhiteFideId "21858241"]
[BlackFideId "45039895"]
[WhiteElo "2001"]
[BlackElo "1931"]
[Result "0-1"]
[Round "04"]
[TimeControl "180+1"]
[Date "2022.11.02"]
[WhiteClock "0:00:19"]
[BlackClock "0:01:56"]

1. e4 c5 2. Nf3 d6 3. d4 cxd4 4. Nxd4 Nf6 5. Nc3 a6 6. f4 Nc6 7. Bc4 e6 8. Be3 Qc7 9. Bb3 b5 10. a3 Bb7 11. O-O Be7 12. Kh1 O-O 13. Qd3 Na5 14. Bg1 Nxb3 15. Nxb3 d5 16. e5 Ne4 17. Nxe4 dxe4 18. Qe3 Qxc2 19. Nc5 Bd5 20. Rf2 Qxc5 21. Qg3 Qc6 22. f5 exf5 23. Rxf5 Qg6 0-1


[Site "https://www.chess.com"]

[Event "Titled Tuesday Blitz November 01 Early 2022"]
[White "Wessendorf, Thomas, Dr."]
[Black "Hajiyev, Kanan"]
[WhiteFideId "4604270"]
[BlackFideId "13404148"]
[WhiteElo "2280"]
[BlackElo "2118"]
[Result "1-0"]
[Round "04"]
[TimeControl "180+1"]
[Date "2022.11.02"]
[WhiteClock "0:00:31"]
[BlackClock "0:00:30"]

1. e4 c6 2. d3 d5 3. Nd2 a6 4. Ngf3 Bg4 5. h3 Bh5 6. g4 Bg6 7. Bg2 e6 8. O-O Bd6 9. Qe2 h5 10. e5 Bc7 11. Nd4 hxg4 12. hxg4 c5 13. N4f3 Nc6 14. Re1 Nh6 15. Nf1 Nxg4 16. Bg5 Qb8 17. Bf4 Ncxe5 18. Nxe5 Bh5 19. Bf3 Bxe5 20. Bxe5 Nxe5 21. Bxh5 g6 22. Qxe5 Qxe5 23. Rxe5 gxh5 24. Rae1 Kd7 25. c4 dxc4 26. dxc4 Rag8+ 27. Kh2 Rg4 28. R1e4 Rxe4 29. Rxe4 f5 30. Rh4 b5 31. Ng3 bxc4 32. Rxc4 h4 33. Ne2 Kd6 34. Nc3 e5 35. Ra4 e4 36. Rxa6+ Ke5 37. a4 f4 38. Rc6 Kd4 39. Rd6+ Kc4 40. Nxe4 Re8 41. f3 Kb4 42. Rf6 c4 43. Rxf4 Kxa4 44. Nd6 Re2+ 45. Kh3 Rxb2 46. Nxc4 Rb4 47. Nb6+ Kb5 48. Rxb4+ Kxb4 49. Kxh4 Kc5 50. Kg5 Kxb6 51. f4 Kc7 52. Kg6 Kd8 53. f5 Ke8 54. Kg7 Ke7 55. f6+ 1-0


[Site "https://www.chess.com"]

[Event "Titled Tuesday Blitz November 01 Early 2022"]
[White "Winkels, Marcel"]
[Black "Deev, Andrei"]
[WhiteFideId "1003887"]
[BlackFideId "4102690"]
[WhiteElo "1900"]
[BlackElo "2317"]
[Result "0-1"]
[Round "04"]
[TimeControl "180+1"]
[Date "2022.11.02"]
[WhiteClock "0:00:33"]
[BlackClock "0:00:44"]

1. d4 d6 2. Bf4 Nf6 3. Nc3 g6 4. e4 c6 5. Qd2 b5 6. Bd3 b4 7. Nce2 Qb6 8. Nf3 Bg7 9. Bh6 O-O 10. h4 Bg4 11. Bxg7 Kxg7 12. c3 bxc3 13. bxc3 Nbd7 14. Qe3 e5 15. dxe5 dxe5 16. Qxb6 axb6 17. Ng5 Nc5 18. Bc2 h6 19. f3 Bd7 20. Nh3 Be6 21. a3 Ra6 22. Nf2 Rfa8 23. Rb1 b5 24. O-O Rxa3 25. f4 Bc4 26. fxe5 Nfd7 27. Rfe1 Ra2 28. Bd1 Nxe5 29. Nd4 Ncd3 30. Nxd3 Bxd3 31. Rb4 c5 32. Rxb5 Bxb5 33. Nxb5 Rb8 34. Be2 Rxe2 0-1


[Site "https://www.chess.com"]

[Event "Titled Tuesday Blitz November 01 Early 2022"]
[White "Yaniuk, Volodymyr"]
[Black "Kowalczyk, Pawel"]
[WhiteFideId "14133083"]
[BlackFideId "1130641"]
[WhiteElo "2141"]
[BlackElo "2324"]
[Result "0-1"]
[Round "04"]
[TimeControl "180+1"]
[Date "2022.11.02"]
[WhiteClock "0:00:04"]
[BlackClock "0:01:03"]

1. d4 Nf6 2. c4 g6 3. Nc3 Bg7 4. e4 d6 5. Nf3 O-O 6. Be2 e5 7. O-O exd4 8. Nxd4 Nc6 9. Be3 Re8 10. f3 Nh5 11. Qd2 Nf4 12. Bxf4 Nxd4 13. Rfd1 Be6 14. Bf1 Qd7 15. Ne2 Nxe2+ 16. Bxe2 Qc6 17. Rac1 Qb6+ 18. Kf1 h5 19. b3 a5 20. Be3 Qb4 21. c5 dxc5 22. Bxc5 Qxd2 23. Rxd2 Bh6 24. Rdc2 Bxc1 25. Rxc1 b6 26. Be3 c5 27. Kf2 Rec8 28. h3 a4 29. Bc4 axb3 30. axb3 Bxc4 31. bxc4 Rd8 32. Rb1 Ra6 33. h4 f6 34. Bf4 Rd7 35. Ke3 Kf7 36. g4 Rd4 37. gxh5 gxh5 38. Rc1 Ra3+ 39. Kf2 Rdd3 40. Bc7 Rxf3+ 41. Kg2 Rfb3 42. Rf1 Ke6 43. Rf5 Ra2+ 44. Rf2 Rxf2+ 45. Kxf2 b5 46. cxb5 Rxb5 47. Bf4 Rb3 48. Ke2 Rh3 49. Kd2 Rxh4 50. Be3 c4 0-1


[Site "https://www.chess.com"]

[Event "Titled Tuesday Blitz November 01 Early 2022"]
[White "Yeletsky, Ivan"]
[Black "Sovetbekova, Nurai"]
[WhiteFideId "24180327"]
[BlackFideId "13801910"]
[WhiteElo "2391"]
[BlackElo "1925"]
[Result "1-0"]
[Round "04"]
[TimeControl "180+1"]
[Date "2022.11.02"]
[WhiteClock "0:00:31"]
[BlackClock "0:00:05"]

1. e4 c5 2. Nf3 d6 3. d4 cxd4 4. Nxd4 Nf6 5. Nc3 a6 6. Be2 e5 7. Nf3 Be7 8. Bg5 Be6 9. Bxf6 Bxf6 10. Nd5 Bxd5 11. Qxd5 Qc7 12. O-O-O Be7 13. Bc4 O-O 14. Kb1 Nd7 15. Bb3 b5 16. Nd2 Nb6 17. Qd3 Rac8 18. Nf1 Qc5 19. Ne3 Rfd8 20. Rhf1 a5 21. Nd5 Bg5 22. h4 a4 23. Nxb6 Qxb6 24. Bxf7+ Kxf7 25. hxg5 Rc4 26. Rh1 Kg8 27. Qd5+ Kh8 28. Rxh7+ Kxh7 29. Rh1+ Kg6 30. Qe6+ Kxg5 31. Qf5# 1-0


[Site "https://www.chess.com"]

[Event "Titled Tuesday Blitz November 01 Early 2022"]
[White "Yeritsyan, Hayk"]
[Black "Pappelis, Dimitrios"]
[WhiteFideId "13307320"]
[BlackFideId "4215281"]
[WhiteElo "2402"]
[BlackElo "2104"]
[Result "0-1"]
[Round "04"]
[TimeControl "180+1"]
[Date "2022.11.02"]
[WhiteClock "0:00:03"]
[BlackClock "0:00:07"]

1. d4 d5 2. Nf3 Nf6 3. e3 g6 4. Bd3 Bg7 5. O-O O-O 6. Nbd2 c5 7. c3 Nc6 8. Qe2 b6 9. dxc5 bxc5 10. e4 Bb7 11. e5 Nd7 12. e6 Nde5 13. exf7+ Rxf7 14. Bc2 Qf8 15. Ng5 Rf5 16. Ne6 Qf6 17. Bxf5 Qxf5 18. Nxg7 Kxg7 19. Nb3 c4 20. Nd4 Rf8 21. Nxc6 Bxc6 22. Be3 Nd3 23. f4 Qe4 24. Bd4+ Kf7 25. Qf3 Ke6 26. Bf2 Rxf4 27. Qh3+ Qf5 28. Qxf5+ Rxf5 29. Bxa7 Nxb2 30. Rxf5 gxf5 31. Bd4 Kd6 32. Re1 Nd3 33. Re2 e5 34. Bf2 f4 35. Rd2 e4 36. Bd4 e3 37. Rc2 Ba4 38. Re2 Bd1 0-1


[Site "https://www.chess.com"]

[Event "Titled Tuesday Blitz November 01 Early 2022"]
[White "Zakhartsov, Vladimir"]
[Black "Principe, Gerson"]
[WhiteFideId "4145097"]
[BlackFideId "3804550"]
[WhiteElo "2492"]
[BlackElo "2280"]
[Result "1/2-1/2"]
[Round "04"]
[TimeControl "180+1"]
[Date "2022.11.02"]
[WhiteClock "0:00:04"]
[BlackClock "0:00:06"]

1. e4 c6 2. Nf3 d5 3. Nc3 Bg4 4. h3 Bxf3 5. Qxf3 e6 6. Be2 Nf6 7. O-O dxe4 8. Nxe4 Nbd7 9. d4 Nxe4 10. Qxe4 Nf6 11. Qd3 Be7 12. c3 O-O 13. Rd1 Rc8 14. Bf4 Qb6 15. Rab1 c5 16. dxc5 Bxc5 17. Qf3 Rfd8 18. b4 Be7 19. Be3 Qc7 20. Bd4 b6 21. Ba6 Rb8 22. Re1 Nd5 23. Bd3 Bf6 24. Bxf6 Nxf6 25. Rbc1 Rd6 26. Bb1 Rbd8 27. c4 Rd4 28. Qb3 Rd2 29. Qe3 h6 30. c5 bxc5 31. Rxc5 Qb6 32. a3 R2d5 33. Rxd5 Rxd5 34. Qc3 Rd8 35. g3 Qd6 36. Kg2 Qd5+ 37. Qf3 Qd6 38. Bc2 Qb6 39. h4 a5 40. Rb1 axb4 41. Rxb4 Qa5 42. Qc3 Nd5 43. Qd3 Nxb4 44. Qh7+ Kf8 45. axb4 Qd5+ 46. Be4 Qe5 47. b5 Qxb5 48. Qh8+ Ke7 49. Qxg7 Qc5 50. Qxh6 Qd4 51. Bf3 Qf6 52. Qe3 Qd4 53. Qa3+ Qd6 54. Qe3 Qd4 55. Qg5+ Qf6 56. Qe3 Qd4 1/2-1/2


[Site "https://www.chess.com"]

[Event "Titled Tuesday Blitz November 01 Early 2022"]
[White "Zemlyanskii, Ivan"]
[Black "Manukyan, Sargis A."]
[WhiteFideId "24249971"]
[BlackFideId "13303970"]
[WhiteElo "2107"]
[BlackElo "2187"]
[Result "1-0"]
[Round "04"]
[TimeControl "180+1"]
[Date "2022.11.02"]
[WhiteClock "0:00:20"]
[BlackClock "0:00:41"]

1. d4 d5 2. c4 e6 3. Nf3 Nf6 4. g3 Be7 5. Bg2 O-O 6. O-O dxc4 7. Nc3 a6 8. Ne5 Nc6 9. Bxc6 bxc6 10. Nxc6 Qe8 11. Nxe7+ Qxe7 12. Qa4 c5 13. Qa3 Bb7 14. Qxc5 Qxc5 15. dxc5 Rfc8 16. Na4 Rc6 17. Be3 Rd8 18. Rac1 Nd5 19. Rxc4 Nxe3 20. fxe3 Rd2 21. Rb4 Rc7 22. Rd4 Rd7 23. Rxd7 Rxd7 24. Rf4 g5 25. Rd4 Rc7 26. b4 Bd5 27. Nc3 Bc6 28. Rd6 Kf8 29. Kf2 Ke7 30. e4 f6 31. Ke3 a5 32. a3 axb4 33. axb4 Be8 34. Rb6 h5 35. Nb5 Rd7 36. Nd6 Bg6 37. Rb7 f5 38. Rxd7+ Kxd7 39. exf5 exf5 40. b5 h4 41. gxh4 f4+ 42. Kf3 Bh5+ 43. Ke4 gxh4 44. Kxf4 Bxe2 45. b6 Kc6 46. b7 Kc7 47. Kg5 h3 48. Kf5 Bf1 49. Ke5 Bg2 50. Kd4 Bh1 51. Kc4 Bc6 52. Kb4 Bxb7 53. Kc4 Bc6 54. Nf5 Bg2 55. Nd4 Bh1 56. Kb5 Bd5 57. c6 Bg2 58. Kc5 Be4 59. Nb5+ Kd8 60. c7+ Kd7 61. c8=Q+ Kxc8 62. Nd6+ Kd7 63. Nxe4 Ke6 64. Kd4 Kf5 65. Ke3 Kg4 66. Nf2+ Kh4 67. Kf3 Kh5 68. Kg3 Kg5 69. Kxh3 Kh5 70. Kg3 Kg5 71. h4+ Kh5 72. Nh3 Kh6 73. Nf4 Kg7 74. Kg4 Kh6 75. h5 Kg7 76. Kg5 Kh7 77. Ng2 Kg7 78. Nh4 Kh7 79. Nf3 Kg7 80. h6+ Kh7 81. Kh5 Kg8 82. Ng5 Kh8 83. Kg6 Kg8 84. h7+ 1-0


[Site "https://www.chess.com"]